 Dungeon Crawl Stone Soup version 0.28-a0-932-g843f935a50 (webtiles) character file.

Game seed: 15949993319282786455

112931 frimble the Epochal (level 16, -2/162 HPs)
             Began as a Troll Warper on Nov 28, 2021.
             Was an Elder of Cheibriados.
             Killed by Olgreb's Toxic Radiance
             ... invoked by a naga ritualist
              (3 damage)
             ... on level 1 of the Snake Pit.
             The game lasted 00:53:06 (26125 turns).

frimble the Epochal (Troll Warper)                 Turns: 26125, Time: 00:53:07

Health: -2/162     AC: 18    Str: 32    XL:     16   Next: 12%
Magic:  25/25      EV: 13    Int: 35    God:    Cheibriados [****..]
Gold:   2919       SH: 13    Dex: 18    Spells: 10/21 levels left

rFire   . . .      SeeInvis +     - Unarmed
rCold   . . .      Faith    .   O - +2 kite shield {AC+3}
rNeg    . . .      Spirit   .   n - +4 troll leather armour
rPois   .          Reflect  .   p - +2 hat {SInv}
rElec   .          Harm     .   Q - +2 cloak
rCorr   .          Rampage  .   (gloves unavailable)
Will    +....                   (boots unavailable)
Stlth   +.........              (no amulet)
HPRegen 1.97/turn               V - +6 ring of intelligence
MPRegen 0.19/turn               c - +6 ring of intelligence

@: lethally poisoned (-2 -> -13), slowed, very slow
A: large, unfitting armour, claws 3, regeneration 1, shaggy fur 1, tough skin 1
a: Renounce Religion, Bend Time, Temporal Distortion, Slouch


You were on level 1 of the Snake Pit.
You worshipped Cheibriados.
Cheibriados was greatly pleased with you.
You visited 4 branches of the dungeon, and saw 26 of its levels.
You visited 1 bazaar.
You also visited: Bailey.

You collected 4610 gold pieces.
You spent 1691 gold pieces at shops.

Inventory:

Missiles
 y - 26 poisoned darts
 N - 12 large rocks (quivered)
 P - 5 throwing nets
 W - 2 silver javelins
Armour
 m - a +2 robe of fire resistance
 n - a +4 troll leather armour (worn)
 p - a +2 hat of see invisible (worn)
 O - a +2 kite shield of protection (worn)
 Q - a +2 cloak (worn)
 R - a +3 tower shield of protection
Jewellery
 c - a +6 ring of intelligence (right claw)
 o - a ring of flight
 t - a ring of positive energy
 B - a ring of see invisible
 C - a ring of fire
 E - a ring of poison resistance
 F - a ring of protection from cold
 H - a ring of wizardry
 U - a ring of resist corrosion
 V - a +6 ring of intelligence (left claw)
Wands
 b - a wand of paralysis (6)
 M - a wand of flame (28)
 X - a wand of digging (5)
Scrolls
 f - 3 scrolls of blinking
 g - 7 scrolls of teleportation
 l - 3 scrolls of fog
 q - 2 scrolls of magic mapping
 r - 3 scrolls of immolation
 v - 2 scrolls of amnesia
 w - 2 scrolls of enchant weapon
 J - a scroll of brand weapon
 K - 2 scrolls of silence
 L - a scroll of fear
 S - 4 scrolls of identify
 T - a scroll of torment
Potions
 a - 3 potions of attraction
 d - 2 potions of curing
 e - 2 potions of might
 h - a potion of haste
 i - a potion of invisibility
 j - 3 potions of magic
 k - 4 potions of resistance
 s - 4 potions of lignification
 u - 3 potions of brilliance
 x - 3 potions of berserk rage
 z - 2 potions of flight
 A - 3 potions of ambrosia
 D - 2 potions of mutation
 G - a potion of degeneration


   Skills:
 - Level 11.3 Fighting
 - Level 7.5 Throwing
 - Level 6.3 Dodging
 - Level 8.5 Shields
 - Level 13.3 Unarmed Combat
 + Level 3.0 Spellcasting
 - Level 7.0 Translocations
 + Level 3.1 Transmutations
 + Level 3.8 Earth Magic
 - Level 14.0 Invocations
 - Level 5.7 Evocations


You had 10 spell levels left.
You knew the following spells:

 Your Spells              Type           Power      Damage    Failure   Level
a - Blink                 Tloc           100%       N/A       1%          2
b - Teleport Other        Tloc           53%        N/A       1%          3
c - Statue Form           Tmut/Erth      19%        N/A       92%         6

Your spell library contained the following spells:

 Spells                   Type           Power      Damage    Failure   Level
 Gell's Gravitas          Tloc           53%        N/A       1%          3
 Lesser Beckoning         Tloc           53%        N/A       1%          3
 Portal Projectile        Hex/Tloc       58%        N/A       4%          3
 Foxfire                  Conj/Fire      20%        2x1d5     6%          1
 Manifold Assault         Tloc           53%        N/A       10%         5
 Call Canine Familiar     Summ           5%         N/A       19%         3
 Confusing Touch          Hex            5%         N/A       19%         3
 Leda's Liquefaction      Hex/Erth       9%         N/A       28%         4
 Lee's Rapid Deconstruct  Erth           16%        3d11*     34%         5
 Fireball                 Conj/Fire      2%         3d4       86%         5
 Iskenderun's Battlesphe  Conj           5%         2d6       86%         5
 Summon Mana Viper        Hex/Summ       5%         N/A       86%         5
 Iron Shot                Conj/Erth      9%         9d3       99%         6
 Starburst                Conj/Fire      2%         6d3       100%        6
 Spellforged Servitor     Conj/Summ      2%         N/A       100%        7


Dungeon Overview and Level Annotations

Branches:
Dungeon (15/15)            Temple (0/1) D:5            Lair (6/6) D:9
 Shoals (0/4) Lair:4        Snake (3/4) Lair:3        Slime (0/5) Lair:6
    Orc (2/2) D:9             Elf (0/3) Orc:2        Vaults (0/5) D:14
 Depths (0/4) D:15         Bailey (visited)

Altars:
Ashenzari
Cheibriados
Elyvilon
Gozag
Kikubaaqudgha
Qazlal
Ru
Sif Muna
Vehumet
Wu Jian
Xom
The Shining One
Beogh
Jiyva

Shops:
D:4 ?   D:6 :   D:10 *   D:13 [[?*   Orc:2 !:*[

Portals:
Pandemonium: Orc:2

Annotations:
D:11 2 transporters, jasper's ghost, journeyman VSBe
Lair:6 3 exclusions
Snake:2 Roxanne


Innate Abilities, Weirdness & Mutations

You are too large for most types of armour.
You have claws for hands.
Your natural rate of healing is unusually fast.
You are covered in fur. (AC +1)
You have tough skin. (AC +1)


Message History

The black mamba barely misses you. The black mamba closely misses you.
You block the black mamba's attack. x2; The black mamba bites you.
You are more poisoned.
The black mamba poisons you!
The naga mage points at you and mumbles some strange words.
The bolt of poison hits the black mamba!
The bolt of poison misses you.
The black mamba bites you but does no damage.
The black mamba misses you. The black mamba completely misses you.
The naga mage hits you from afar with a +0 halberd.
The black mamba bites you.
* * * LOW HITPOINT WARNING * * *
You are more poisoned.
The black mamba poisons you! The black mamba bites you.
* * * LOW HITPOINT WARNING * * *
The black mamba bites you but does no damage. x2
* * * LOW HITPOINT WARNING * * *
You feel extremely sick. The black mamba barely misses you.
The naga mage points at the naga ritualist and mumbles some strange words.
The naga ritualist seems to grow toxic.
The black mamba bites you!
* * * LOW HITPOINT WARNING * * *
The black mamba bites you but does no damage.
You block the black mamba's attack. x2
The black mamba bites you but does no damage.
The black mamba closely misses you. x2
The black mamba bites you but does no damage.
The naga mage misses you.
The black mamba bites you but does no damage.
The black mamba bites you.
* * * LOW HITPOINT WARNING * * *
The black mamba barely misses you. The naga mage misses you.
The black mamba barely misses you.
* * * LOW HITPOINT WARNING * * *
You feel extremely sick. You block the black mamba's attack.
The black mamba bites you but does no damage. x2
The naga ritualist utters an invocation to its god.
The naga ritualist begins to radiate toxic energy.
You die...

##'#######........#.#.
#........#..#####.#.#.
#........#..........#.
#........#..#####.#...
##.#######..#........# #
######.# #..#.###.#...
#.#......## #......#.#..#
#........N######.........(..
#.......NSS@............#...
...#.......S#####.....#.#.....
...'..............:>)...###...
...#........#####.............
.( #........# #.#.#......... .
#........# #...#.#.....#.
#........# #####.#.###.#.
########## #......###.#.
#......+.)...


You could see a naga ritualist (toxic aura, curare), 3 black mambas and a naga
mage (fast).

Vanquished Creatures
  2 fire dragons
  An ice dragon (D:15)
  12 hydras
  Harold (Orc:1)
  3 naga warriors
  2 boulder beetles
  2 salamander tyrants (Snake:2)
  2 anacondas (Snake:2)
  3 centaur warriors
  A demonspawn (Orc:2)
  A death knight (D:15)
  2 dancing weapons (D:14)
  5 two-headed ogres
  4 tengu warriors
  6 death yaks
  2 shock serpents
  5 orc high priests (Orc:2)
  A naga sharpshooter (Snake:2)
  Sonja (D:12)
  A soul eater (Orc:2)
  A fire crab (Lair:6)
  A skeletal warrior (D:9)
  A naga ritualist (Snake:2)
  Pikel (D:3)
  A lindwurm (Lair:6)
  A deep elf pyromancer (D:13)
  12 ugly things
  A wizard (D:14)
  8 orc knights
  2 wolf spiders
  3 mana vipers
  9 orc sorcerers
  2 manticores
  4 cyclopes
  24 black mambas
  5 elephants (Lair:2)
  6 salamanders
  6 naga magi
  2 molten gargoyles (Lair:6)
  A torpor snail (Lair:4)
  13 cane toads
  An unseen horror (D:13)
  4 gargoyles
  A rime drake (shapeshifter) (D:13)
  3 rime drakes
  12 komodo dragons
  2 kobold demonologists (D:10)
  3 trolls
  3 ice devils (Orc:2)
  A tengu conjurer (D:15)
  A meliai (shapeshifter) (D:14)
  5 polar bears
  A red devil (Orc:2)
  A hornet (D:10)
  5 dream sheep (Lair:5)
  20 blink frogs
  6 slime creatures (D:12)
  A water elemental (D:12)
  3 shadows (D:9)
  2 vampires
  9 wraiths
  2 wyverns
  40 yaks
  Eustachio (D:6)
  A human (shapeshifter) (D:15)
  2 steam dragons (Lair:6)
  2 vampire mosquitoes (D:11)
  6 basilisks
  4 wargs
  Menkaure (D:7)
  21 nagas
  9 water moccasins
  An acid dragon (D:10)
  Edmund (D:4)
  Duvessa (D:6)
  4 hell hounds (Lair:6)
  2 ice beasts
  2 black bears
  41 orc warriors
  23 wolves
  7 ogres
  12 centaurs
  2 lemures (D:4)
  5 kobold brigands
  10 bullfrogs
  A phantom (D:7)
  A gnoll sergeant (Orc:1)
  2 scorpions
  A water moccasin zombie (D:6)
  A water moccasin skeleton (D:6)
  Dowan (D:6)
  6 killer bees (D:8)
  A troll zombie (D:9)
  9 wights (D:8)
  6 electric eels
  7 howler monkeys
  5 lava snakes (Lair:6)
  A bullfrog zombie (D:7)
  3 hounds
  2 jellies
  A centaur zombie (D:9)
  4 gnoll shamans
  31 orc priests
  Terence (D:2)
  6 iguanas
  25 orc wizards
  Natasha (thrice) (D:4)
  7 hell rats (Lair:6)
  2 killer bee zombies
  7 ogre zombies (D:9)
  A hound zombie (D:5)
  A hound skeleton (D:5)
  2 howler monkey zombies
  Robin (D:2)
  13 gnolls
  4 adders
  A shadow imp (D:8)
  A white imp (D:7)
  3 worms (D:3)
  2 dart slugs
  92 orcs
  9 ball pythons
  8 endoplasms
  A giant cockroach (D:1)
  6 hobgoblins
  17 kobolds
  2 quokkas
  5 bats
  4 frilled lizards
  18 goblins
  2 goblin skeletons (D:9)
  3 goblin zombies (D:9)
  A hobgoblin skeleton (D:9)
  A hobgoblin zombie (D:9)
  3 orc skeletons (D:9)
  15 orc zombies (D:9)
  3 rats
798 creatures vanquished.

Vanquished Creatures (others)
  A bush (Lair:6)
  40 fungi
  71 plants
112 creatures vanquished.

Grand Total: 910 creatures vanquished

Notes
Turn   | Place    | Note
-------+----------+-------------------------------------------
     0 | D:1      | frimble the Troll Warper began the quest for the Orb.
     0 | D:1      | Reached XP level 1. HP: 19/19 MP: 1/1
    37 | D:1      | Reached skill level 1 in Throwing
   147 | D:1      | Reached XP level 2. HP: 27/28 MP: 2/2
   780 | D:1      | Found a faded altar of an unknown god.
   836 | D:2      | Noticed Robin
   841 | D:2      | Reached XP level 3. HP: 28/35 MP: 3/3
   925 | D:2      | Killed Robin
   998 | D:2      | Found a sacrificial altar of Ru.
  1007 | D:2      | Reached XP level 4. HP: 38/42 MP: 4/4
  1071 | D:2      | Noticed Terence
  1085 | D:2      | Killed Terence
  1772 | D:3      | Reached XP level 5. HP: 44/50 MP: 5/5
  1794 | D:3      | Learned a level 2 spell: Blink
  1820 | D:3      | Found an ornate altar of the Wu Jian Council.
  2547 | D:4      | Found a broken altar of Ashenzari.
  2610 | D:4      | Noticed an ice beast
  2706 | D:4      | Killed an ice beast
  2707 | D:4      | Reached XP level 6. HP: 59/59 MP: 4/6
  2747 | D:4      | Noticed Edmund
  2755 | D:4      | Killed Edmund
  2833 | D:4      | Noticed Pikel
  2973 | D:3      | Killed Pikel
  2974 | D:3      | Reached XP level 7. HP: 58/68 MP: 7/7
  3138 | D:4      | Noticed Natasha
  3146 | D:4      | Killed Natasha
  3210 | D:4      | Noticed Natasha
  3220 | D:4      | Killed Natasha
  3232 | D:4      | Found a stormy altar of Qazlal.
  3232 | D:4      | Noticed Natasha
  3242 | D:4      | Killed Natasha
  3243 | D:4      | Reached XP level 8. HP: 58/78 MP: 8/8
  3294 | D:4      | Found Buzysch's Magic Scroll Shoppe.
  3297 | D:4      | Bought a scroll of magic mapping for 45 gold pieces
  3297 | D:4      | Bought 2 scrolls of immolation for 91 gold pieces
  3367 | D:4      | Reached skill level 5 in Unarmed Combat
  3539 | D:4      | Acquired a +2 hat of see invisible
  3556 | D:5      | Entered Level 5 of the Dungeon
  3687 | D:5      | Found a staircase to the Ecumenical Temple.
  3765 | D:5      | Got the Tome of Ensnaring Fire
  3779 | D:5      | Found a white marble altar of Elyvilon.
  3916 | D:5      | Found a snail-covered altar of Cheibriados.
  4089 | D:5      | Became a worshipper of Cheibriados the Contemplative
  4142 | D:6      | Noticed Eustachio
  4174 | D:6      | Killed Eustachio
  4198 | D:6      | Noticed Duvessa
  4224 | D:6      | Killed Duvessa
  4227 | D:6      | Noticed Dowan
  4258 | D:6      | Killed Dowan
  4259 | D:6      | Reached skill level 5 in Throwing
  4267 | D:6      | Found an opulent altar of Gozag.
  4821 | D:6      | Found Seimpoc's Book Emporium.
  4841 | D:6      | Reached skill level 5 in Fighting
  4864 | D:6      | Reached * piety under Cheibriados
  5216 | D:7      | Noticed Menkaure
  5217 | D:7      | Killed Menkaure
  5218 | D:7      | Reached XP level 9. HP: 88/88 MP: 9/9
  5340 | D:7      | Reached skill level 5 in Translocations
  5468 | D:7      | Found a shimmering blue altar of Sif Muna.
  5523 | D:7      | Got Sif Muna's Catalogue of Battle Magic
  5821 | D:7      | Found a glowing golden altar of the Shining One.
  5939 | D:7      | Found an ancient bone altar of Kikubaaqudgha.
  6495 | D:8      | Reached ** piety under Cheibriados
  7201 | D:9      | Noticed a troll
  7206 | D:9      | Killed a troll
  7262 | D:9      | Reached *** piety under Cheibriados
  7406 | D:9      | Found a staircase to the Lair.
  7408 | D:9      | Noticed a two-headed ogre
  7523 | D:8      | Reached XP level 10. HP: 98/98 MP: 10/10
  8056 | D:9      | Killed a two-headed ogre
  8133 | D:9      | Noticed a skeletal warrior
  8146 | Lair:1   | Entered Level 1 of the Lair of Beasts
  8258 | Lair:1   | Noticed a cane toad
  8265 | Lair:1   | Noticed a cane toad
  8289 | Lair:1   | Killed a cane toad
  8291 | Lair:1   | HP: 5/100 [cane toad (18)]
  8292 | Lair:1   | Killed a cane toad
  8294 | Lair:1   | HP: 1/100 [poisoned by a cane toad]
  8299 | Lair:1   | HP: 3/100 [poisoned by a cane toad]
  8432 | Lair:1   | Noticed a cane toad
  8446 | Lair:1   | Killed a cane toad
  8490 | Lair:1   | Noticed a cane toad
  8498 | Lair:1   | Killed a cane toad
  8537 | Lair:1   | Noticed a black mamba
  8545 | Lair:1   | Killed a black mamba
  8571 | Lair:1   | Noticed a six-headed hydra
  8573 | Lair:2   | Noticed a black mamba
  8577 | Lair:2   | Noticed an elephant
  8577 | Lair:2   | Noticed an elephant
  8577 | Lair:2   | Noticed an elephant
  8577 | Lair:2   | Noticed an elephant
  8577 | Lair:2   | Noticed an elephant
  8588 | Lair:2   | Killed an elephant
  8589 | Lair:2   | Reached skill level 1 in Invocations
  8596 | Lair:2   | Killed an elephant
  8597 | Lair:2   | Reached skill level 1 in Evocations
  8604 | Lair:2   | Killed an elephant
  8604 | Lair:2   | Reached **** piety under Cheibriados
  8605 | Lair:2   | Reached XP level 11. HP: 75/109 MP: 11/11
  8644 | Lair:2   | Reached skill level 2 in Invocations
  9205 | Lair:2   | Reached skill level 3 in Invocations
  9476 | Lair:3   | Noticed a four-headed hydra
  9510 | Lair:3   | Killed a four-headed hydra
  9518 | Lair:3   | Noticed an eight-headed hydra
  9524 | Lair:3   | Killed an eight-headed hydra
  9525 | Lair:3   | Reached skill level 4 in Invocations
  9890 | Lair:3   | Found a staircase to the Snake Pit.
  9899 | Lair:3   | Reached skill level 10 in Unarmed Combat
 10110 | Lair:1   | Killed a six-headed hydra
 10111 | Lair:1   | Reached XP level 12. HP: 79/122 MP: 9/14
 10222 | Lair:1   | Acquired 656 gold pieces
 10450 | Lair:1   | Reached skill level 5 in Invocations
 11253 | Lair:4   | Found a staircase to the Shoals.
 11307 | Lair:4   | Noticed a boulder beetle
 11318 | Lair:4   | Killed a boulder beetle
 11318 | Lair:4   | Reached ***** piety under Cheibriados
 11448 | Lair:4   | Noticed a death yak
 11448 | Lair:4   | Noticed an eight-headed hydra
 11449 | Lair:4   | Noticed a death yak
 11459 | Lair:4   | Killed a death yak
 11463 | Lair:4   | Killed an eight-headed hydra
 11464 | Lair:4   | Killed a death yak
 11562 | Lair:4   | Reached skill level 6 in Invocations
 11562 | Lair:4   | Reached skill level 5 in Evocations
 11933 | Lair:5   | Noticed a death yak
 11933 | Lair:5   | Noticed a death yak
 11938 | Lair:5   | Noticed a death yak
 11946 | Lair:4   | Killed a death yak
 12016 | Lair:5   | Noticed a death yak
 12029 | Lair:5   | Killed a death yak
 12039 | Lair:4   | Killed a death yak
 12085 | Lair:4   | Killed a death yak
 12237 | Lair:6   | Entered Level 6 of the Lair of Beasts
 12238 | Lair:6   | Acquired a manual of Invocations
 12240 | Lair:6   | Acquired 793 gold pieces
 12242 | Lair:6   | Acquired 577 gold pieces
 12288 | Lair:6   | Reached skill level 7 in Invocations
 12295 | Lair:6   | Reached XP level 13. HP: 49/131 MP: 12/17
 12616 | Lair:5   | Learned a level 3 spell: Teleport Other
 13097 | Lair:5   | Reached skill level 8 in Invocations
 13532 | Lair:6   | Reached skill level 10 in Fighting
 13623 | Lair:6   | Found a staircase to the Slime Pits.
 13624 | Lair:6   | Found a viscous altar of Jiyva.
 13825 | Lair:6   | Reached skill level 9 in Invocations
 14240 | Lair:6   | Found a large runed translucent door.
 14240 | Lair:6   | Noticed a fire dragon
 14268 | Lair:6   | Found a large runed translucent door.
 14405 | Lair:6   | Reached skill level 10 in Invocations
 14682 | Lair:6   | Killed a fire dragon
 14837 | Lair:6   | Reached XP level 14. HP: 64/144 MP: 17/20
 14971 | Lair:6   | Reached skill level 5 in Dodging
 15593 | D:9      | Found a staircase to the Orcish Mines.
 15603 | D:9      | Reached ****** piety under Cheibriados
 15654 | D:9      | Found a sacrificial altar of Ru.
 16128 | D:9      | Found the +5 scythe "Finisher" {speed, eviscerate}
 16216 | D:10     | Entered Level 10 of the Dungeon
 16613 | D:10     | Found a shimmering altar of Xom.
 16657 | D:10     | Found Cidifiel's Assorted Antiques.
 16703 | D:10     | Bought a lumpy inky potion for 21 gold pieces
 16703 | D:10     | Bought a scroll labelled ITEYRE YCOEB for 24 gold pieces
 16703 | D:10     | Bought a golden potion for 21 gold pieces
 17415 | D:11     | Found a transporter.
 17415 | D:11     | Noticed jasper's ghost (journeyman VSBe)
 17424 | D:11     | Found a transporter.
 17431 | D:11     | Found a radiant altar of Vehumet.
 17587 | D:11     | Reached skill level 11 in Invocations
 18028 | D:12     | Noticed Sonja
 18030 | D:12     | Killed Sonja
 18071 | D:12     | Found a flagged portal.
 18080 | Bailey   | Entered a bailey
 19468 | D:12     | Acquired a +2 kite shield of protection
 19580 | Orc:1    | Entered Level 1 of the Orcish Mines
 19692 | D:13     | Found a flickering gateway to a bazaar.
 19697 | D:13     | Found Bicuamec's Magic Scroll Boutique.
 19705 | Bazaar   | Entered a bazaar
 19709 | Bazaar   | Found Xeculemass's Armour Boutique.
 19731 | Bazaar   | Found Nutwigell's Antique Weapon Emporium.
 19752 | Bazaar   | Found Ximapp's General Store.
 19772 | Bazaar   | Found Medou's Antique Armour Shoppe.
 19799 | Bazaar   | Bought an embroidered cloak for 240 gold pieces
 19879 | D:13     | Bought a scroll of magic mapping for 49 gold pieces
 19879 | D:13     | Bought a scroll of teleportation for 42 gold pieces
 19892 | D:13     | Reached skill level 1 in Shields
 19952 | D:13     | Reached skill level 12 in Invocations
 19980 | D:13     | Found Jereel's Armour Shoppe.
 19988 | D:13     | Bought a +2 tower shield of protection for 344 gold pieces
 20170 | D:13     | Found Uqemneppa's Assorted Antiques.
 20176 | D:13     | Bought a scroll labelled COBLU JUNTUUDD for 39 gold pieces
 20176 | D:13     | Bought a golden ring for 195 gold pieces
 20199 | D:13     | Found Xuitiqer's Antique Armour Emporium.
 20929 | D:14     | Reached XP level 15. HP: 154/154 MP: 23/23
 21073 | D:14     | Found a gate to the Vaults.
 21270 | D:15     | Entered Level 15 of the Dungeon
 21291 | D:15     | Reached skill level 5 in Shields
 21291 | D:15     | Reached skill level 13 in Invocations
 21624 | D:15     | Found a sacrificial altar of Ru.
 21896 | D:15     | Found a staircase to the Depths.
 22635 | Orc:2    | Entered Level 2 of the Orcish Mines
 22876 | Orc:2    | Found Lurikimn's Distillery.
 22950 | Orc:2    | Found Yxeetenn's General Store.
 23008 | Orc:2    | Bought a potion of heal wounds for 85 gold pieces
 23010 | Orc:2    | Bought a scroll of immolation for 63 gold pieces
 23409 | Orc:2    | Found a staircase to the Elven Halls.
 23536 | Orc:2    | Reached skill level 14 in Invocations
 23605 | Orc:2    | Found Woulayt's Antique Armour Boutique.
 23605 | Orc:2    | Found Kiurphuiw's Book Shop.
 23606 | Orc:2    | Found a one-way gate leading to the halls of Pandemonium.
 23862 | Orc:1    | Noticed Harold
 23866 | Orc:1    | Killed Harold
 24355 | D:6      | Bought a book of the Earth for 432 gold pieces
 24362 | D:6      | Learned a level 6 spell: Statue Form
 24514 | Snake:1  | Entered Level 1 of the Snake Pit
 24604 | Snake:2  | Reached skill level 1 in Earth Magic
 24617 | Snake:2  | Reached skill level 1 in Transmutations
 24682 | Snake:2  | Noticed Roxanne
 25115 | Snake:2  | Reached XP level 16. HP: 161/162 MP: 25/25
 26125 | Snake:1  | HP: 1/162 [poisoned by a black mamba]
 26125 | Snake:1  | Killed from afar by a naga ritualist

Illustrated notes

Levels and vault maps discovered:
D:1:      sevenhm_arrival_forest_fort_small_6, layout_loops_ring,
          hellmonk_ecumenical_altar_leap_of_faith, minmay_pentomino_p2
D:2:      layout_basic, basic_altar, kennysheep_another_room,
          minmay_misc_feat_chi, uniq_robin, uniq_terence
D:3:      layout_loops_ring, nzn_wu_jian_council_hall
D:4:      layout_loops_ring, mainiacjoe_overflow_tiny_flanked,
          grunt_qazlal_clouds, serial_shops, kennysheep_mini_moat, uniq_edmund,
          uniq_pikel, uniq_natasha
D:5:      layout_rooms, elyvilon_altar_4, kennysheep_little_box,
          minmay_temple_entry_butterflies
D:6:      layout_basic, nicolae_gozag_seed_capital, serial_shops,
          nicolae_shop_hallway_stairs, uniq_duvessa, uniq_eustachio
D:7:      layout_loops_corners, led_sif_book, mainiacjoe_overflow_catwalk,
          tso_metal_star, serial_park_tiny_2, uniq_menkaure
D:8:      layout_gridville
D:9:      layout_basic, lemuel_crystal_altar, erik_lair_island,
          zombieorc2_lemuel, minmay_guarded_unrand_finisher
D:10:     layout_layer_cave, mainiacjoe_overflow_surrounded_room, serial_shops,
          nicolae_shop_overgrown_old_shop
D:11:     layout_roguey, gammafunk_ghost_arena, fiery_altar_vehumet
D:12:     kennysheep_seaside_town, layout_irregular_city, enter_bailey_3,
          portal_ice_cave_rime, chequers_big_river, uniq_sonja
D:13:     layout_irregular_city, serial_shops, bzr_entry_islet,
          nicolae_shop_waterfront, nicolae_shop_statue_plus, shop,
          nicolae_shop_statue_plus
D:14:     layout_irregular_city, erik_vaults_1, hellmonk_bongcloud_opening
D:15:     grunt_enter_depths_hoard, layout_loops_corners,
          nicolae_ru_sacrificial_ziggurat
Lair:1:   layout_cave_pods
Lair:2:   layout_concentric_octagons, st_stairs_8
Lair:3:   layout_chaotic_city, minmay_snake_entry_guardpost_medium
Lair:4:   layout_roguey, shoals_dummy_entry, grunt_megastairs_5,
          infiniplex_staircase_pool_2
Lair:5:   layout_misc_corridors, infiniplex_staircase_pool, grunt_megastairs_1
Lair:6:   cheibrodos_lair_end_hotspot, layout_long_grid, slime_altar_1,
          nicolae_lair_run_with_the_wolves
Snake:1:  layout_basic, serial_bayou_shore_b
Snake:2:  layout_onion_interference, serial_bayou_shore_b, uniq_roxanne
Snake:3:  layout_grid_shapes, ebering_ghost_reflecting_pool, lemuel_fruit_tree
Orc:1:    layout_diamond_mine, uniq_harold
Orc:2:    pf_orc_diabolical, layout_diamond_mine, basic_altar

Skill      XL: |  1  2  3  4  5  6  7  8  9 10 11 12 13 14 15 16 |
---------------+-------------------------------------------------+-----
Throwing       | 1 2 3 4 5 6 7 |  7.5
Dodging        | 2 4 6 |  6.3
Fighting       | 2 3 4 5 6 7 8 9 10 11 | 11.3
Unarmed Combat | 3 4 6 7 8 10 11 12 13 | 13.3
Translocations | 3 4 5 6 7 |  7.0
Invocations    | 1 4 7 10 12 14 | 14.0
Evocations     | 1 3 5 |  5.7
Shields        | 4 8 |  8.5
Earth Magic    | 3 |  3.8
Transmutations | 2 3 |  3.1
Spellcasting   | 2 3 |  3.0

Action                   |  1- 3 |  4- 6 |  7- 9 | 10-12 | 13-15 | 16-18 || total
-------------------------+-------+-------+-------+-------+-------+-------++-------
Melee: Unarmed           |    96 |   163 |   394 |   422 |  1017 |    63 ||  2155
       Punch             |       |     1 |    11 |    30 |    88 |       ||   130
Throw: Large rock        |       |     5 |    14 |       |    25 |    10 ||    54
       Dart              |       |       |     3 |    64 |    80 |     2 ||   149
       Boomerang         |       |       |     3 |     4 |   161 |     2 ||   170
       Throwing net      |       |       |       |     1 |       |       ||     1
       Javelin           |       |       |       |       |     7 |       ||     7
 Cast: Blink             |       |     4 |     6 |    14 |    23 |     1 ||    48
       Teleport Other    |       |       |       |       |     7 |       ||     7
Invok: Slouch            |       |       |       |     4 |    24 |     1 ||    29
       Temporal Distorti |       |       |       |       |     2 |       ||     2
Evoke: Wand              |       |       |    16 |    20 |    30 |       ||    66
  Use: Scroll            |     2 |     5 |     8 |    13 |    17 |       ||    45
       Potion            |       |       |     1 |     8 |     2 |       ||    11
 Stab: Sleeping          |     1 |       |     1 |       |     2 |       ||     4
       Paralysed         |       |       |       |     4 |       |       ||     4
       Invisible         |       |       |       |     4 |     2 |       ||     6
       Distracted        |       |       |       |       |     1 |       ||     1
Armor: Robe              |    26 |    25 |   133 |       |     2 |       ||   186
       Troll leather arm |       |       |    21 |   152 |   407 |    38 ||   618
       Skin              |       |       |       |    24 |       |       ||    24
Dodge: Dodged            |    52 |    70 |   201 |   172 |   679 |    52 ||  1226
Block: Kite shield       |       |       |       |       |   137 |    48 ||   185

Table legend: (Time is in decaauts)
 A = Elapsed time spent in this place.
 B = Non-inter-level travel time spent in this place.
 C = Inter-level travel time spent in this place.
 D = Time resting spent in this place.
 E = Time spent auto-exploring this place.
 F = Levels seen in this place.
 G = Mean time per level.
                   A        B        C        D        E       F      G
               +--------+--------+--------+--------+--------+-----+--------+
         Total |  38424 |  35029 |   3395 |    487 |  27371 |  28 | 1372.3 |
       Dungeon |  21548 |  19656 |   1892 |     58 |  16076 |  15 | 1436.5 |
          Lair |  10992 |   9747 |   1245 |    326 |   7340 |   6 | 1832.0 |
     Snake Pit |   2323 |   2260 |     63 |     64 |   1754 |   3 |  774.3 |
  Orcish Mines |   2722 |   2528 |    194 |     31 |   1943 |   2 | 1361.0 |
        Bazaar |    302 |    302 |      0 |      0 |    162 |   1 |  302.0 |
        Bailey |    533 |    533 |      0 |      8 |     95 |   1 |  533.0 |
               +--------+--------+--------+--------+--------+-----+--------+

Top non-repeatable levels by time:
  Lair:6: 2903 daAuts
     D:9: 2360 daAuts
    D:10: 2101 daAuts
    D:12: 2094 daAuts
    D:15: 1950 daAuts
  Lair:1: 1916 daAuts
   Orc:2: 1852 daAuts
 Snake:2: 1756 daAuts
     D:7: 1720 daAuts
     D:8: 1718 daAuts
  Lair:5: 1660 daAuts
  Lair:3: 1617 daAuts
  Lair:4: 1481 daAuts
  Lair:2: 1414 daAuts
     D:6: 1399 daAuts
